AoeStats
← Dustin

Arabia

506214882Analyzed
1v1 RM · 19d ago on Sep 12, 2026· 71m 29s· 2 players
Game mode
Random Map
Map size
Tiny (2 player)
Population
200
Speed
Normal
Resources
Standard
Victory
Conquest
Starting age
Dark Age
Ending age
Imperial Age
RankedLock teamsTeams togetherTeam positionsShared explorationLock speedFull tech treeHidden civsTurbo modeCheats
Victory
Defeat
🇩🇪 Burgundians · Germany
1682
+13
🇷🇺 Spanish · Russia
1618
-13
Leon
7:15 Loom
7:22 Loom
10:09 Feudal Age
11:12 Double-Bit Axe
13:15 Town Watch
16:09 Horse Collar
19:59 Castle Age
18:11 Gold Mining
18:47 Stone Mining
21:37 Bow Saw
22:37 Wheelbarrow
31:13 Imperial Age
31:02 Ballistics
31:22 Hand Cart
31:36 Padded Archer Armor
31:29 Fletching
31:47 Scale Barding Armor
32:18 Conscription
33:14 Leather Archer Armor
33:21 Chain Barding Armor
33:46 Bloodlines
34:58 Ring Archer Armor
34:40 Forging
34:35 Husbandry
35:05 Elite Conquistador
36:01 Heavy Plow
35:37 Light Cavalry
37:25 Iron Casting
37:49 Masonry
37:07 Hussar
41:46 Fletching
42:42 Town Watch
44:40 Plate Barding Armor
45:11 Blast Furnace
45:09 Bodkin Arrow
47:47 Architecture
52:04 Elite Skirmisher
53:12 Bracer
53:00 Arrowslits
55:53 Chemistry
58:32 Hoardings
58:35 Pikeman
59:18 Scale Mail Armor
60:16 Chain Mail Armor
61:36 Squires
62:26 Plate Mail Armor
66:50 Halberdier
Dustin
5:07 Loom
6:11 Double-Bit Axe
11:58 Feudal Age
17:07 Castle Age
15:35 Bow Saw
16:02 Horse Collar
20:19 Two-Man Saw
25:02 Wheelbarrow
24:33 Heavy Plow
27:24 Crop Rotation
28:12 Hand Cart
29:23 Burgundian Vineyards
30:02 Gold Mining
33:19 Imperial Age
32:26 Scale Barding Armor
32:31 Forging
32:21 Town Watch
32:59 Husbandry
34:12 Chain Barding Armor
33:55 Padded Archer Armor
35:07 Chemistry
35:47 Plate Barding Armor
35:29 Leather Archer Armor
35:50 Iron Casting
35:21 Scale Mail Armor
35:52 Guilds
35:03 Elite Coustillier
36:07 Conscription
36:24 Fletching
38:51 Bodkin Arrow
39:38 Gold Shaft Mining
39:59 Ballistics
40:34 Bombard Tower
40:25 Masonry
41:28 Blast Furnace
40:29 Bracer
40:45 Chain Mail Armor
40:33 Murder Holes
43:25 Plate Mail Armor
43:04 Light Cavalry
44:13 Stone Mining
45:41 Hoardings
48:32 Masonry
49:19 Stone Shaft Mining
52:37 Hussar
61:45 Fortified Wall
62:05 Architecture
Connection lost

Rejoining the realm…

Still unreachable

The connection could not be restored.

Session expired

The server has moved on; the page needs a fresh start.